 Dungeon Crawl Stone Soup version 0.17-a0-995-gb5fa8d7 (webtiles) character file.

3217 inmateoo the Conjurer (level 9, -7/63 HPs)
             Began as a Grey Draconian Conjurer on May 12, 2015.
             Was a Priest of Cheibriados.
             Mangled by an orc warrior
             ... wielding a +0 war axe
              (24 damage)
             ... in a bailey.
             The game lasted 00:15:18 (7754 turns).

inmateoo the Conjurer (Grey Draconian Conjurer)     Turns: 7754, Time: 00:15:18

Health: -7/63      AC: 15    Str: 22    XL:     9   Next: 65%
Magic:  15/15      EV: 14    Int: 25    God:    Cheibriados [***...]
Gold:   341        SH:  0    Dex: 17    Spells: 4 memorised, 8 levels left

rFire  . . .     SeeInvis .     q - +3 dagger (elec)
rCold  . . .     Clarity  .     (armour unavailable)
rNeg   . . .     SustAb   .     (no shield)
rPois  .         Gourm    .     (helmet restricted)
rElec  .         Spirit   .     (no cloak)
rCorr  .         Warding  .     m - +0 pair of gloves
rMut   +         Stasis   .     o - +1 pair of boots {Stlth+}
MR     .....                    C - amulet of resist mutation
Stlth  ++++......               (no ring)
                                (no ring)

@: mighty, very slow, not resistant to hostile enchantments, stealthy
A: walk through water, unfitting armour, mutation resistance 1, unbreathing,
cold-blooded, AC +12
a: Bend Time, Temporal Distortion, Renounce Religion


You were in a bailey.
You worshipped Cheibriados.
Cheibriados was most pleased with you.
You were hungry.

You visited 2 branches of the dungeon, and saw 8 of its levels.
You also visited: Ossuary and Bailey.

You collected 341 gold pieces.

Inventory:

Hand weapons
 q - a +3 dagger of electrocution (weapon)
 w - a +2 scimitar of slicing
Missiles
 x - a throwing net (quivered)
Armour
 m - a +0 pair of gloves (worn)
 o - a +1 pair of boots of stealth (worn)
Jewellery
 C - an amulet of resist mutation (around neck)
Magical devices
 r - a wand of magic darts (48)
 y - a wand of confusion (14)
Scrolls
 c - a scroll of enchant weapon
 d - 2 scrolls of remove curse
 e - 5 scrolls of identify
 j - a scroll of teleportation
 n - 3 scrolls of fog
 u - 2 scrolls of amnesia
 B - 2 scrolls of recharging
Potions
 f - 2 potions of brilliance
 g - a potion of cancellation
 h - 3 potions of curing
 v - 2 potions of resistance
Books
 a - a book of Conjurations

   Spells                             Type                      Level
   a - Magic Dart                     Conjuration                  1
   b - Searing Ray                    Conjuration                  2
   c - Dazzling Spray                 Conjuration/Hexes            3
   d - Fulminant Prism                Conjuration/Hexes            4
   e - Iskenderun's Mystic Blast      Conjuration                  4
   f - Iskenderun's Battlesphere      Conjuration/Charms           5
 t - a book of Geomancy

   Spells                             Type                      Level
   a - Sandblast                      Earth                        1
   b - Stoneskin                      Transmutation/Earth          2
   c - Passwall                       Transmutation/Earth          3
   d - Stone Arrow                    Conjuration/Earth            3
   e - Petrify                        Transmutation/Earth          4
   f - Lee's Rapid Deconstruction     Earth                        5
 D - a book of Ice

   Spells                             Type                      Level
   a - Ice Form                       Ice/Transmutation            4
   b - Metabolic Englaciation         Hexes/Ice                    5
   c - Ozocubu's Refrigeration        Ice                          6
   d - Bolt of Cold                   Conjuration/Ice              6
   e - Freezing Cloud                 Conjuration/Ice/Air          6
   f - Simulacrum                     Ice/Necromancy               6
Comestibles
 b - 2 bread rations
 l - 4 beef jerkies
 p - 5 meat rations


   Skills:
 + Level 0.9 Fighting
 + Level 4.3 Dodging
 + Level 5.0 Stealth
 * Level 6.4 Unarmed Combat
 + Level 4.6 Spellcasting
 * Level 7.9 Conjurations
 * Level 6.4 Earth Magic


You had 8 spell levels left.
You knew the following spells:

 Your Spells              Type           Power        Failure   Level  Hunger
a - Magic Dart            Conj           ####         1%          1    None
b - Searing Ray           Conj           #####.       1%          2    None
c - Stoneskin             Trmt/Erth      ###.....     4%          2    None
d - Petrify               Trmt/Erth      ###.....     28%         4    ####...


Dungeon Overview and Level Annotations

Branches:
Dungeon (7/15)             Temple (1/1) D:6

Altars:
Ashenzari
Cheibriados
Dithmenos
Elyvilon
Fedhas
Gozag
Kikubaaqudgha
Makhleb
Nemelex Xobeh
Okawaru
Qazlal
Ru
Sif Muna
Trog
Vehumet
Xom
Yredelemnul
Zin
The Shining One


Innate Abilities, Weirdness & Mutations

You can walk through water.
Your dull iron-grey scales are very hard (AC +12).
Your body does not fit into most forms of armour.
You can survive without breathing.
You are cold-blooded and may be slowed by cold attacks.
You are somewhat resistant to further mutation.


Message History

Your +1 pair of boots of stealth unmelds from your body.
You feel stealthy. The hobgoblin barely misses you.
Unknown command.
Unknown command.
You hit the orc knight.
The orc knight is severely wounded.
The orc knight barely misses you.
Unknown command.
You hit the orc knight.
There is a sudden explosion of sparks!
You kill the orc knight!
Cheibriados appreciates the change of pace.
Your Stealth skill increases to level 5!
The hobgoblin hits you with a war axe.
* * * LOW HITPOINT WARNING * * *
Unknown command.
You hit the hobgoblin.
There is a sudden explosion of sparks!
You kill the hobgoblin!
Cheibriados thoroughly appreciates the change of pace.
The orc warrior hits you with a war axe!!
You die... ... ... ####.#### .#g..#. go8gg oKg

##o## #)@.#
#...# #)..#
######)######
#....≈.≈....#
#'###≈.≈###'#
#....≈.≈....#
#'###≈.≈###'#
#....≈.≈....#


You could see 2 orc warriors, 2 gnolls, an orc, 2 hobgoblins, a goblin and a
kobold.

Vanquished Creatures
  An orc knight (Bailey)
  The ghost of inmateoo the Conjurer, an experienced DrCj of Cheibriados (D:7)
  Prince Ribbit (D:5)
  An ice beast (D:6)
  4 orc warriors
  A black bear (D:6)
  A sky beast (D:6)
  An ogre (D:6)
  A centaur (D:7)
  2 giant frogs (D:7)
  2 scorpions
  4 wights (D:7)
  A giant frog zombie (D:5)
  A human zombie (Ossuary)
  A jelly (D:5)
  4 orc priests
  8 orc wizards
  4 worker ants
  A hound skeleton (D:4)
  4 mummies
  7 gnolls
  13 adders
  2 shadow imps (D:5)
  3 oozes
  An adder zombie (D:6)
  5 worms
  3 giant geckos
  29 orcs
  18 bats
  4 bat skeletons
  18 hobgoblins
  3 jackals (D:3)
  2 quokkas
  8 giant cockroaches
  A giant gecko zombie (D:5)
  7 giant newts
  A gnoll zombie (Ossuary)
  18 goblins
  3 goblin zombies (Ossuary)
  4 hobgoblin zombies (Ossuary)
  A jackal zombie (D:7)
  30 kobolds
  4 kobold zombies (Ossuary)
  An orc zombie (D:7)
  A quokka zombie (Ossuary)
  10 rats
  4 rat zombies (Ossuary)
  3 ballistomycetes (D:6)
248 creatures vanquished.

Vanquished Creatures (others)
  An orc wizard (D:3)
  A hobgoblin (D:6)
  2 giant spores (D:6)
4 creatures vanquished.

Grand Total: 252 creatures vanquished

Notes
Turn   | Place    | Note
--------------------------------------------------------------
     0 | D:1      | inmateoo the Draconian Conjurer began the quest for the Orb.
     0 | D:1      | Reached XP level 1. HP: 14/14 MP: 3/3
   177 | D:1      | Reached XP level 2. HP: 8/20 MP: 1/5
   224 | D:1      | Learned a level 2 spell: Searing Ray
   704 | D:1      | Reached XP level 3. HP: 26/26 MP: 3/6
  1195 | D:1      | Reached skill level 1 in Unarmed Combat
  1373 | D:2      | Found a sacrificial altar of Ru.
  1379 | D:2      | Found a radiant altar of Vehumet.
  1382 | D:2      | Found a sparkling altar of Nemelex Xobeh.
  1885 | D:2      | Reached XP level 4. HP: 33/33 MP: 3/7
  2660 | D:3      | Found a stormy altar of Qazlal.
  2904 | D:3      | Reached XP level 5. HP: 38/38 MP: 2/8
  3036 | D:3      | Reached skill level 5 in Conjurations
  3201 | D:3      | Reached XP level 6. HP: 41/45 MP: 1/10
  4120 | D:4      | Your scales start taking on a dull iron-grey colour.
  4120 | D:4      | Gained mutation: You can survive without breathing. [Grey Draconian growth]
  4120 | D:4      | Reached XP level 7. HP: 50/50 MP: 0/11
  4376 | D:4      | Found a shimmering altar of Xom.
  4705 | D:5      | Entered Level 5 of the Dungeon
  4751 | D:5      | Learned a level 2 spell: Stoneskin
  4756 | D:5      | Learned a level 4 spell: Petrify
  4782 | D:5      | Found a shattered altar of Ashenzari.
  4853 | D:5      | Found a glowing golden altar of the Shining One.
  4877 | D:5      | Reached skill level 6 in Conjurations
  5059 | D:5      | Noticed Prince Ribbit
  5081 | D:5      | Killed Prince Ribbit
  5769 | D:6      | Reached XP level 8. HP: 57/57 MP: 13/13
  6154 | D:6      | Found a staircase to the Ecumenical Temple.
  6175 | Temple   | Entered the Ecumenical Temple
  6233 | Temple   | Became a worshipper of Cheibriados the Contemplative
  6407 | D:6      | Reached skill level 5 in Unarmed Combat
  6580 | D:6      | Reached skill level 7 in Conjurations
  6589 | D:6      | Gained mutation: You are somewhat resistant to further mutation. [mutagenic meat]
  6600 | D:6      | Identified a scroll of acquirement
  6789 | D:6      | Acquired Cheibriados's first power
  6868 | D:7      | Found a blossoming altar of Fedhas.
  6870 | D:7      | Noticed inmateoo's ghost (experienced DrCj)
  6884 | D:7      | Killed inmateoo's ghost
  6884 | D:7      | Reached XP level 9. HP: 23/62 MP: 11/15
  6889 | D:7      | Reached skill level 5 in Earth Magic
  6976 | D:7      | Found a sand-covered staircase.
  7049 | Ossuary  | Entered an ossuary
  7426 | D:7      | Found a flagged portal.
  7442 | Bailey   | Entered a bailey
  7602 | Bailey   | Acquired Cheibriados's second power
  7728 | Bailey   | Noticed an orc knight
  7753 | Bailey   | Killed an orc knight
  7753 | Bailey   | Reached skill level 5 in Stealth
  7754 | Bailey   | Mangled by an orc warrior

Vault maps used:
D:1:      saegor_arrival_simple_d
D:2:      grunt_temple_overflow_open, hangedman_feature_mirror
D:3:      lemuel_crystal_altar
D:4:      lemuel_round_altar, first_bread
D:5:      overflow_temple_1_default, basic_altar, uniq_prince_ribbit1
D:6:      minmay_temple_entry_trees, lightli_minifort
D:7:      lemuel_crystal_altar, nicolae_ossuary_entry_giza, enter_bailey_3
Temple:   zaba_magenta_temple_12
Ossuary:  ossuary_minmay_chase
Bailey:   bailey_axe_1, bailey

Action                   |  1- 3 |  4- 6 |  7- 9 || total
-------------------------+-------+-------+-------++-------
Melee: Unarmed           |    29 |       |       ||    29
       Dagger            |       |   129 |   353 ||   482
       Scimitar          |       |       |     2 ||     2
 Cast: Magic Dart        |    72 |    89 |    46 ||   207
       Searing Ray       |     1 |     7 |    11 ||    19
       Stoneskin         |       |       |     4 ||     4
  Use: Scroll            |       |       |    22 ||    22
       Potion            |       |       |    10 ||    10
 Stab: Sleeping          |       |       |    12 ||    12
  Eat: Chunk             |     3 |     9 |    14 ||    26
